TOP OF THE 1ST |
Waba Ducks batting - Pitching for Amarillo Archdukes : RHP José Abacil
|
Pitching: RHP José Abacil
|
|
Batting: RHB Don Keating
|
0-0: Called Strike 0-1: Swinging Strike 0-2: Ball 1-2: Strikes out swinging
|
Batting: RHB Tokuhei Kobayashi
|
0-0: Ball 1-0: Foul Ball, location: 2F 1-1: Ground out 6-3 (Groundball, 6)
|
Batting: LHB José Román
|
0-0: Ball 1-0: Ball 2-0: Foul Ball, location: 2F 2-1: SINGLE (Line Drive, 56D)
|
Batting: RHB Ed Small
|
0-0: Ball 1-0: Ball 2-0: Called Strike 2-1: Ball 3-1: Base on Balls José Román to second
|
Batting: RHB Jeremy Flemming
|
0-0: Foul Ball, location: 2F 0-1: Ball 1-1: SINGLE (Groundball, 3D) José Román to third Ed Small to second Runner from 3rd tries for Home, SAFE, no throw
|
Batting: RHB Pedro Molina
|
0-0: Ball 1-0: SINGLE (Groundball, 6MD) Ed Small to third Jeremy Flemming to second Runner from 3rd tries for Home, SAFE, no throw
|
Batting: RHB Enrico Ramos
|
0-0: Ball 1-0: Foul Ball, location: 2F 1-1: Called Strike 1-2: Strikes out swinging
|
Top of the 1st over - 2 run(s), 3 hit(s), 0 error(s), 2 left on base; Waba 2 - Amarillo 0 |
BOTTOM OF THE 1ST |
Amarillo Archdukes batting - Pitching for Waba Ducks : LHP Tim Jenkins
|
Pitching: LHP Tim Jenkins
|
|
Batting: RHB Norm Francis
|
0-0: Called Strike 0-1: Ball 1-1: Fly out, F5 (Line Drive, 5)
|
Batting: RHB José Ruíz
|
0-0: Ball 1-0: Ball 2-0: Foul Ball, location: 2F 2-1: Ball 3-1: Foul Ball, location: 2F 3-2: Strikes out swinging
|
Batting: LHB Michael Cook
|
0-0: Fly out, F7 (Flyball, 7S)
|
Bottom of the 1st over - 0 run(s), 0 hit(s), 0 error(s), 0 left on base; Waba 2 - Amarillo 0 |
TOP OF THE 2ND |
Waba Ducks batting - Pitching for Amarillo Archdukes : RHP José Abacil
|
Batting: RHB Ángelo García
|
0-0: SINGLE (Groundball, 6MD)
|
Batting: RHB António Valdéz
|
0-0: Ball 1-0: 2-RUN HOME RUN (Flyball, 7D), Distance : 344 ft
|
Batting: RHB Don Keating
|
0-0: Called Strike 0-1: Ground out 5-3 (Groundball, 25)
|
Batting: RHB Tokuhei Kobayashi
|
0-0: Ball 1-0: Ball 2-0: Called Strike 2-1: Called Strike 2-2: Ball 3-2: Foul Ball, location: 2F 3-2: Foul Ball, location: 2F 3-2: Fly out, F8 (Flyball, 8LXD)
|
Batting: LHB José Román
|
0-0: Ball 1-0: Foul Ball, location: 2F 1-1: SINGLE (Groundball, 3D)
|
Batting: RHB Ed Small
|
0-0: Foul Ball, location: 2F 0-1: Called Strike 0-2: Strikes out swinging
|
Top of the 2nd over - 2 run(s), 3 hit(s), 0 error(s), 1 left on base; Waba 4 - Amarillo 0 |
BOTTOM OF THE 2ND |
Amarillo Archdukes batting - Pitching for Waba Ducks : LHP Tim Jenkins
|
Batting: SHB Douglas Taylor
|
0-0: Ball 1-0: Called Strike 1-1: Fly out, F2 (Popup, 25)
|
Batting: LHB Howard Lambert
|
0-0: Ball 1-0: Foul Ball, location: 2F 1-1: Foul Ball, location: 2F 1-2: Fly out, F5 (Popup, 5L)
|
Batting: LHB Edwin Ryan
|
0-0: Foul Ball, location: 2F 0-1: SINGLE (Groundball, 4D)
|
Batting: RHB Herb Bunch
|
0-0: Called Strike 0-1: Fly out, F7 (Line Drive, 7S)
|
Bottom of the 2nd over - 0 run(s), 1 hit(s), 0 error(s), 1 left on base; Waba 4 - Amarillo 0 |
TOP OF THE 3RD |
Waba Ducks batting - Pitching for Amarillo Archdukes : RHP José Abacil
|
Batting: RHB Jeremy Flemming
|
0-0: Ball 1-0: Ball 2-0: Called Strike 2-1: Foul Ball, location: 2F 2-2: Strikes out swinging
|
Batting: RHB Pedro Molina
|
0-0: Called Strike 0-1: Foul Ball, location: 2F 0-2: Ball 1-2: SINGLE (Flyball, 89S)
|
Batting: RHB Enrico Ramos
|
0-0: Ball 1-0: Foul Ball, location: 2F 1-1: Called Strike 1-2: Strikes out looking
|
Batting: RHB Ángelo García
|
0-0: Ball 1-0: Foul Ball, location: 2F 1-1: SINGLE (Groundball, 6D) Pedro Molina to second
|
Batting: RHB António Valdéz
|
0-0: Ball 1-0: Foul Ball, location: 2F 1-1: Fly out, F4 (Flyball, 4D)
|
Top of the 3rd over - 0 run(s), 2 hit(s), 0 error(s), 2 left on base; Waba 4 - Amarillo 0 |
BOTTOM OF THE 3RD |
Amarillo Archdukes batting - Pitching for Waba Ducks : LHP Tim Jenkins
|
Batting: RHB Juan Barrera
|
0-0: Ball 1-0: Called Strike 1-1: Fly out, F8 (Flyball, 8RM)
|
Batting: RHB Jorge Espinosa
|
0-0: Foul Ball, location: 2F 0-1: Ball 1-1: Foul Ball, location: 2F 1-2: Ball 2-2: Ground out 6-3 (Groundball, 56)
|
Batting: RHB Norm Francis
|
0-0: Ground out 6-3 (Groundball, 6)
|
Bottom of the 3rd over - 0 run(s), 0 hit(s), 0 error(s), 0 left on base; Waba 4 - Amarillo 0 |
TOP OF THE 4TH |
Waba Ducks batting - Pitching for Amarillo Archdukes : RHP José Abacil
|
Batting: RHB Don Keating
|
0-0: Called Strike 0-1: Called Strike 0-2: Foul Ball, location: 2F 0-2: Ball 1-2: Foul Ball, location: 2F 1-2: Strikes out swinging
|
Batting: RHB Tokuhei Kobayashi
|
0-0: Called Strike 0-1: Ball 1-1: Fly out, F7 (Flyball, 78M)
|
Batting: LHB José Román
|
0-0: Ball 1-0: SINGLE (Flyball, 9LM)
|
Batting: RHB Ed Small
|
0-0: Ball 1-0: Ball 2-0: Fielders Choice at 2nd, 4-6 (Groundball, 4)
|
Top of the 4th over - 0 run(s), 1 hit(s), 0 error(s), 0 left on base; Waba 4 - Amarillo 0 |
BOTTOM OF THE 4TH |
Amarillo Archdukes batting - Pitching for Waba Ducks : LHP Tim Jenkins
|
Batting: RHB José Ruíz
|
0-0: Ball 1-0: Called Strike 1-1: Foul Ball, location: 2F 1-2: Strikes out swinging
|
Batting: LHB Michael Cook
|
0-0: Ball 1-0: Ball 2-0: Foul Ball, location: 2F 2-1: Foul Ball, location: 2F 2-2: Ball 3-2: Fly out, F3 (Popup, 3S)
|
Batting: SHB Douglas Taylor
|
0-0: Ball 1-0: SINGLE (Groundball, 4D)
|
Batting: LHB Howard Lambert
|
0-0: Called Strike 0-1: Fly out, F7 (Flyball, 7)
|
Bottom of the 4th over - 0 run(s), 1 hit(s), 0 error(s), 1 left on base; Waba 4 - Amarillo 0 |
TOP OF THE 5TH |
Waba Ducks batting - Pitching for Amarillo Archdukes : RHP José Abacil
|
Batting: RHB Jeremy Flemming
|
0-0: Ball 1-0: Called Strike 1-1: Ball 2-1: Fly out, F8 (Flyball, 8RXD)
|
Batting: RHB Pedro Molina
|
0-0: Ball 1-0: Called Strike 1-1: Swinging Strike 1-2: Ball 2-2: Strikes out swinging
|
Batting: RHB Enrico Ramos
|
0-0: Ball 1-0: Foul Ball, location: 2F 1-1: Ground out 4-3 (Groundball, 4)
|
Top of the 5th over - 0 run(s), 0 hit(s), 0 error(s), 0 left on base; Waba 4 - Amarillo 0 |
BOTTOM OF THE 5TH |
Amarillo Archdukes batting - Pitching for Waba Ducks : LHP Tim Jenkins
|
Batting: LHB Edwin Ryan
|
0-0: Reached on error, E4 (Groundball, 34)
|
Batting: RHB Herb Bunch
|
0-0: Called Strike 0-1: Foul Ball, location: 2F 0-2: Foul Ball, location: 2F 0-2: Ball 1-2: Grounds into double play, 6-4-3 (Groundball, 6)
|
Batting: RHB Juan Barrera
|
0-0: Fly out, F9 (Flyball, 9LS)
|
Bottom of the 5th over - 0 run(s), 0 hit(s), 1 error(s), 0 left on base; Waba 4 - Amarillo 0 |
TOP OF THE 6TH |
Waba Ducks batting - Pitching for Amarillo Archdukes : RHP José Abacil
|
Batting: RHB Ángelo García
|
0-0: Called Strike 0-1: Fly out, F7 (Line Drive, 7)
|
Batting: RHB António Valdéz
|
0-0: Ball 1-0: Ball 2-0: Ground out 5-3 (Groundball, 5S)
|
Batting: RHB Don Keating
|
0-0: Ball 1-0: Called Strike 1-1: Ball 2-1: Ball 3-1: DOUBLE (Groundball, 3L)
|
Batting: RHB Tokuhei Kobayashi
|
0-0: Ground out 1-3 (Groundball, 15S)
|
Top of the 6th over - 0 run(s), 1 hit(s), 0 error(s), 1 left on base; Waba 4 - Amarillo 0 |
BOTTOM OF THE 6TH |
Amarillo Archdukes batting - Pitching for Waba Ducks : LHP Tim Jenkins
|
Batting: RHB Jorge Espinosa
|
0-0: Foul Ball, location: 2F 0-1: Ball 1-1: Ground out 6-3 (Groundball, 6)
|
Batting: RHB Norm Francis
|
0-0: Fly out, F7 (Flyball, 78M)
|
Batting: RHB José Ruíz
|
0-0: Called Strike 0-1: Foul Ball, location: 2F 0-2: Ball 1-2: Fly out, F8 (Flyball, 8RM)
|
Bottom of the 6th over - 0 run(s), 0 hit(s), 0 error(s), 0 left on base; Waba 4 - Amarillo 0 |
TOP OF THE 7TH |
Waba Ducks batting - Pitching for Amarillo Archdukes : RHP José Abacil
|
Pitching: RHP Frederick Kern
|
|
Batting: LHB José Román
|
0-0: Called Strike 0-1: Ball 1-1: Foul Ball, location: 2F 1-2: Strikes out swinging
|
Batting: RHB Ed Small
|
0-0: SINGLE (Groundball, 56D)
|
Batting: RHB Jeremy Flemming
|
0-0: Called Strike 0-1: Called Strike 0-2: 2-RUN HOME RUN (Flyball, 7D), Distance : 365 ft
|
Batting: RHB Pedro Molina
|
0-0: Ball 1-0: Swinging Strike 1-1: Swinging Strike 1-2: Foul Ball, location: 2F 1-2: Ball 2-2: SOLO HOME RUN (Flyball, 7D), Distance : 339 ft
|
Batting: RHB Enrico Ramos
|
0-0: Swinging Strike 0-1: SINGLE (Flyball, 9LS)
|
Batting: RHB Ángelo García
|
0-0: Ball 1-0: Foul Ball, location: 2F 1-1: Ball 2-1: Ball 3-1: Called Strike 3-2: Foul Ball, location: 2F 3-2: Foul Ball, location: 2F 3-2: Foul Ball, location: 2F 3-2: Fly out, F9 (Line Drive, 9)
|
Batting: RHB António Valdéz
|
0-0: Foul Ball, location: 2F 0-1: Ground out 1-3 (Groundball, 13)
|
Top of the 7th over - 3 run(s), 4 hit(s), 0 error(s), 1 left on base; Waba 7 - Amarillo 0 |
BOTTOM OF THE 7TH |
Amarillo Archdukes batting - Pitching for Waba Ducks : LHP Tim Jenkins
|
Batting: LHB Michael Cook
|
0-0: Foul Ball, location: 2F 0-1: Called Strike 0-2: Ball 1-2: Ball 2-2: Foul Ball, location: 2F 2-2: Foul Ball, location: 2F 2-2: Ball 3-2: Ground out U3 (Groundball, 3)
|
Batting: SHB Douglas Taylor
|
0-0: Foul Ball, location: 2F 0-1: Called Strike 0-2: Ball 1-2: SINGLE (Flyball, 8LS)
|
Batting: LHB Howard Lambert
|
0-0: Ball Douglas Taylor steals 2nd base 1-0: Fly out, F9 (Flyball, 9S)
|
Batting: LHB Edwin Ryan
|
0-0: Called Strike 0-1: Ball 1-1: Ground out 6-3 (Groundball, 6M)
|
Bottom of the 7th over - 0 run(s), 1 hit(s), 0 error(s), 1 left on base; Waba 7 - Amarillo 0 |
TOP OF THE 8TH |
Waba Ducks batting - Pitching for Amarillo Archdukes : RHP Frederick Kern
|
Batting: RHB Don Keating
|
0-0: Swinging Strike 0-1: Foul Ball, location: 2F 0-2: Fly out, F4 (Popup, 4M)
|
Pitching: RHP Dalton Ray
|
|
Pinch Hitting: RHB Shaun Puckett
|
0-0: Swinging Strike 0-1: Ball 1-1: Swinging Strike 1-2: Ball 2-2: Ball 3-2: Strikes out swinging
|
Batting: LHB José Román
|
0-0: Ball 1-0: Ball 2-0: Foul Ball, location: 2F 2-1: SINGLE (Groundball, 4D)
|
Batting: RHB Ed Small
|
0-0: 2-RUN HOME RUN (Flyball, 9LD), Distance : 312 ft
|
Batting: RHB Jeremy Flemming
|
0-0: Ball 1-0: Ball 2-0: Called Strike 2-1: Foul Ball, location: 2F 2-2: Ball 3-2: Foul Ball, location: 2F 3-2: Base on Balls
|
Batting: RHB Pedro Molina
|
0-0: Called Strike Jeremy Flemming is caught stealing 2nd base
|
Top of the 8th over - 2 run(s), 2 hit(s), 0 error(s), 0 left on base; Waba 9 - Amarillo 0 |
BOTTOM OF THE 8TH |
Amarillo Archdukes batting - Pitching for Waba Ducks : LHP Tim Jenkins
|
Now at 1B: Ed Hunter
|
|
Batting: RHB Herb Bunch
|
0-0: Ball 1-0: Ball 2-0: Called Strike 2-1: SINGLE (Groundball, 34D)
|
Batting: RHB Juan Barrera
|
0-0: Fly out, F6 (Popup, 6D)
|
Batting: RHB Jorge Espinosa
|
0-0: Ball 1-0: Ball 2-0: SINGLE (Line Drive, 6M) Herb Bunch to second
|
Batting: RHB Norm Francis
|
0-0: Foul Ball, location: 2F 0-1: Swinging Strike 0-2: Ball 1-2: Ball 2-2: Ground out 6-3 (Groundball, 6S) Herb Bunch to third Jorge Espinosa to second
|
Batting: RHB José Ruíz
|
0-0: Fly out, F9 (Flyball, 89M)
|
Bottom of the 8th over - 0 run(s), 2 hit(s), 0 error(s), 2 left on base; Waba 9 - Amarillo 0 |
TOP OF THE 9TH |
Waba Ducks batting - Pitching for Amarillo Archdukes : RHP Dalton Ray
|
Pitching: RHP Nick Parks
|
|
Batting: RHB Pedro Molina
|
0-0: Ball 1-0: Called Strike 1-1: Ball 2-1: Ball 3-1: Swinging Strike 3-2: Strikes out swinging
|
Batting: RHB Enrico Ramos
|
0-0: Ball 1-0: Ground out 5-3 (Groundball, 25)
|
Batting: RHB Ángelo García
|
0-0: Called Strike 0-1: Ball 1-1: Foul Ball, location: 2F 1-2: DOUBLE (Groundball, 5L)
|
Batting: RHB António Valdéz
|
0-0: Ball 1-0: Ball 2-0: Ground out 6-3 (Groundball, 6)
|
Top of the 9th over - 0 run(s), 1 hit(s), 0 error(s), 1 left on base; Waba 9 - Amarillo 0 |
BOTTOM OF THE 9TH |
Amarillo Archdukes batting - Pitching for Waba Ducks : LHP Tim Jenkins
|
Batting: LHB Michael Cook
|
0-0: Called Strike 0-1: Fly out, F7 (Flyball, 7LM)
|
Batting: SHB Douglas Taylor
|
0-0: Called Strike 0-1: Ball 1-1: Foul Ball, location: 2F 1-2: SINGLE (Line Drive, 8LS)
|
Batting: LHB Howard Lambert
|
0-0: Ball 1-0: Foul Ball, location: 2F 1-1: SINGLE (Groundball, 4D) Douglas Taylor to second Runner from 2nd tries for 3rd, SAFE, throw made to third Howard Lambert to second
|
Batting: LHB Edwin Ryan
|
0-0: SINGLE (Groundball, 4MD) Douglas Taylor scores Howard Lambert to third Runner from 3rd tries for Home, SAFE, throw made home
|
Pitching: RHP Stan Stewart
|
|
Batting: RHB Herb Bunch
|
0-0: Grounds into double play, 4-6-3 (Groundball, 4)
|
Bottom of the 9th over - 2 run(s), 3 hit(s), 0 error(s), 0 left on base; Waba 9 - Amarillo 2 |
|